[Event "15th Golden Prague Rapid Open"]
[Site "Prague"]
[Date "2019.06.30"]
[Round "1.1"]
[White "Jirovsky, Pavel"]
[Black "Ocelak, Jakub"]
[Result "1-0"]
[ECO "D11"]
[WhiteElo "2322"]
[BlackElo "1701"]
[Annotator "NA"]
[PlyCount "91"]
[EventDate "2019.06.30"]
[EventType "swiss"]
[EventCountry "CZE"]
[SourceTitle "playchess.com"]
[Source "ChessBase"]
[SourceQuality "1"]
[TimeControl "720+3"]

1. d4 Nf6 2. Nf3 d5 3. c4 c6 4. Qc2 g6 5. g3 Bg7 6. Bg2 dxc4 7. Qxc4 Be6 8. Qc2 Bf5 9. Qb3 Qb6 10. Qxb6 axb6 11. Nbd2 O-O 12. O-O Na6 13. a3 Rfd8 14. e3 Nb4 15. b3 Bd3 16. Rd1 Be2 17. Re1 Bxf3 18. Nxf3 Nc2 19. Bb2 Nxe1 20. Nxe1 Ra7 21. Rc1 Nd7 22. a4 c5 23. Nd3 Nb8 24. d5 e6 25. e4 Na6 26. Bxg7 Kxg7 27. Nb2 exd5 28. exd5 Nb4 29. Rd1 b5 30. axb5 Ra3 31. Na4 Rxb3 32. Nxc5 Rc3 33. Nxb7 Rd7 34. Na5 Rd3 35. Rxd3 Nxd3 36. b6 Nc5 37. f4 Kf6 38. Kf2 Nb7 39. Nc4 Ke7 40. Ke3 f5 41. Kd4 Nd6 42. Ne5 Rb7 43. Kc5 Ne4+ 44. Kc6 Rb8 45. Kc7 Rd8 46. Nc6+ {[%emt 0:04:08] Rb8} 1-0

[Event "15th Golden Prague Rapid Open"]
[Site "Prague"]
[Date "2019.06.30"]
[Round "1.2"]
[White "Barton, Milan"]
[Black "Kiss, Pal"]
[Result "0-1"]
[ECO "B36"]
[WhiteElo "1763"]
[BlackElo "2278"]
[Annotator "NA"]
[PlyCount "85"]
[EventDate "2019.06.30"]
[EventType "swiss"]
[EventCountry "CZE"]
[SourceTitle "playchess.com"]
[Source "ChessBase"]
[SourceQuality "1"]
[TimeControl "720+3"]

1. e4 c5 2. Nf3 Nc6 3. d4 cxd4 4. Nxd4 g6 5. c4 Nf6 6. f3 Nxd4 7. Qxd4 d6 8. Nc3 Bg7 9. Qd1 O-O 10. Be3 Be6 11. Rc1 Qa5 12. Bd2 Rfc8 13. b3 a6 14. Rc2 b5 15. Nxb5 Qb6 16. Nc3 Nd7 17. Na4 Qc7 18. Be2 Qa7 19. Bc3 Ne5 20. Rd2 Nc6 21. Bxg7 Kxg7 22. Rb2 Rab8 23. Qd2 Nd4 24. Bd3 Bd7 25. Nc3 a5 26. Qf2 Qc5 27. O-O e5 28. Nd5 Be6 29. Rfb1 Bxd5 30. exd5 f5 31. Kh1 Re8 32. Re1 Re7 33. Qh4 Reb7 34. Reb1 Qa3 35. Qe1 Qc5 36. Qc3 Qb4 37. Qc1 h6 38. Qd2 Qxd2 39. Rxd2 a4 40. Rdb2 axb3 41. axb3 Nxb3 42. Rxb3 Rxb3 43. Bc2 0-1

[Event "15th Golden Prague Rapid Open"]
[Site "Prague"]
[Date "2019.06.30"]
[Round "1.3"]
[White "Rydl, Jiri"]
[Black "Burita, Dobroslav"]
[Result "1-0"]
[ECO "A39"]
[WhiteElo "2422"]
[BlackElo "1614"]
[Annotator "NA"]
[PlyCount "61"]
[EventDate "2019.06.30"]
[EventType "swiss"]
[EventCountry "CZE"]
[SourceTitle "playchess.com"]
[Source "ChessBase"]
[SourceQuality "1"]
[TimeControl "720+3"]

1. c4 c5 2. g3 Nc6 3. Bg2 g6 4. Nc3 Bg7 5. Nf3 Nf6 6. d4 cxd4 7. Nxd4 Nxd4 8. Qxd4 O-O 9. O-O d6 10. Qd3 Rb8 11. Bg5 Be6 12. Rac1 Qd7 13. Rfd1 Bh3 14. Bh1 a6 15. Bxf6 Bxf6 16. c5 Rfd8 17. cxd6 Qxd6 18. Qxd6 Rxd6 19. Rxd6 exd6 20. Rd1 Bxc3 21. bxc3 Rc8 22. Bxb7 Rxc3 23. Bxa6 Rc2 24. a4 Ra2 25. Bb5 Be6 26. f3 Bb3 27. Rd4 d5 28. Kf2 Kg7 29. Rb4 Bd1 30. Ke1 Ra1 31. Kd2 1-0

[Event "15th Golden Prague Rapid Open"]
[Site "Prague"]
[Date "2019.06.30"]
[Round "1.6"]
[White "Rezny, Frantisek"]
[Black "Soural, Jan"]
[Result "0-1"]
[ECO "C02"]
[WhiteElo "1513"]
[BlackElo "2196"]
[Annotator "NA"]
[PlyCount "56"]
[EventDate "2019.06.30"]
[EventType "swiss"]
[EventCountry "CZE"]
[SourceTitle "playchess.com"]
[Source "ChessBase"]
[SourceQuality "1"]
[TimeControl "720+3"]

1. e4 e6 2. d4 d5 3. e5 c5 4. c3 Nc6 5. Nf3 Bd7 6. Bb5 Nxe5 7. Nxe5 Bxb5 8. Na3 Bd7 9. O-O Nf6 10. Bg5 Be7 11. dxc5 Bxc5 12. c4 Bc6 13. Rc1 Be7 14. cxd5 Qxd5 15. Nxc6 bxc6 16. Bxf6 Bxf6 17. Qa4 O-O 18. b3 c5 19. Rfd1 Bd4 20. Nc2 Rfd8 21. Nxd4 cxd4 22. Rc4 e5 23. f4 d3 24. fxe5 Qxe5 25. Re4 Qc5+ 26. Kh1 d2 27. Rc4 Qh5 28. b4 Qe2 0-1

[Event "15th Golden Prague Rapid Open"]
[Site "Prague"]
[Date "2019.06.30"]
[Round "1.7"]
[White "Rehak, Martin"]
[Black "Holub, Adam"]
[Result "1-0"]
[ECO "B26"]
[WhiteElo "2071"]
[BlackElo "1433"]
[Annotator "NA"]
[PlyCount "106"]
[EventDate "2019.06.30"]
[EventType "swiss"]
[EventCountry "CZE"]
[SourceTitle "playchess.com"]
[Source "ChessBase"]
[SourceQuality "1"]
[TimeControl "720+3"]

1. e4 c5 2. Nc3 Nc6 3. g3 d6 4. Bg2 g6 5. d3 Bg7 6. Be3 Nf6 7. h3 O-O 8. Nge2 a6 9. a4 Rb8 10. O-O b5 11. axb5 axb5 12. Qd2 Bd7 13. Bh6 b4 14. Nd1 Qc8 15. g4 Rd8 16. Bxg7 Kxg7 17. c3 h5 18. g5 Ne8 19. h4 Bh3 20. f3 Nc7 21. Nf4 Bxg2 22. Kxg2 Ne6 23. Nxe6+ Qxe6 24. Ne3 bxc3 25. bxc3 Rb7 26. d4 cxd4 27. cxd4 Qb3 28. Rac1 Na7 29. Nd5 e6 30. Nc3 Rdb8 31. Qf4 Qa3 32. Kg3 Nc8 33. Ne2 Ne7 34. Rc2 d5 35. Kf2 dxe4 36. fxe4 Rb2 37. Rfc1 Rxc2 38. Rxc2 Rb2 39. Rxb2 Qxb2 40. Qf6+ Kf8 41. d5 Qxf6+ 42. gxf6 Ng8 43. e5 exd5 44. Ke3 Ke8 45. Kd4 Kd7 46. Kxd5 Nh6 47. Nf4 Nf5 48. Nxg6 fxg6 49. e6+ Ke8 50. Ke5 Nxh4 51. e7 Kf7 52. Kd6 Nf5+ 53. Kd7 Kxf6 1-0

[Event "15th Golden Prague Rapid Open"]
[Site "Prague"]
[Date "2019.06.30"]
[Round "1.8"]
[White "Dunder, Ondrej"]
[Black "Groh, Jiri"]
[Result "0-1"]
[ECO "D05"]
[WhiteElo "1649"]
[BlackElo "2001"]
[Annotator "NA"]
[PlyCount "204"]
[EventDate "2019.06.30"]
[EventType "swiss"]
[EventCountry "CZE"]
[SourceTitle "playchess.com"]
[Source "ChessBase"]
[SourceQuality "1"]
[TimeControl "720+3"]

1. Nf3 c5 2. e3 d5 3. d4 e6 4. b3 Nf6 5. Bb2 Be7 6. Be2 O-O 7. O-O Nc6 8. Nbd2 cxd4 9. Nxd4 Nxd4 10. Bxd4 Qc7 11. Nf3 Bd7 12. Rc1 Rac8 13. c4 dxc4 14. Rxc4 Qb8 15. Bxf6 Bxf6 16. Qxd7 Rcd8 17. Qc7 h6 18. Qxb8 Rxb8 19. Rfc1 b6 20. Rc7 a5 21. g3 Rfd8 22. Kg2 b5 23. a3 b4 24. axb4 axb4 25. Ra7 Bc3 26. Bc4 Rb6 27. Ng1 Rd2 28. Ne2 Bf6 29. Ra4 Be7 30. Nd4 Bf6 31. Nf3 Rd8 32. Rc2 Bc3 33. Ng1 Bf6 34. Ne2 Rbb8 35. Rca2 g5 36. Ra5 Rd7 37. Rb5 Rxb5 38. Bxb5 Rb7 39. Bc4 Kg7 40. Rd2 h5 41. Nd4 Kg6 42. Nb5 h4 43. f4 hxg3 44. hxg3 Be7 45. Kf3 Bc5 46. fxg5 Kxg5 47. Nd6 Rc7 48. Ne4+ Kf5 49. Nxc5 Rxc5 50. Rd7 Kf6 51. Rb7 Rf5+ 52. Kg2 Re5 53. Kf2 Rf5+ 54. Ke2 Rg5 55. Rxb4 Rxg3 56. Kf2 Rg5 57. Bd3 Rd5 58. Rf4+ Ke7 59. Bc4 Rd2+ 60. Kf3 Rb2 61. Ke4 Rb1 62. Kf3 Rb2 63. Rd4 Rb1 64. Rd2 Kf6 65. Ke4 Ke7 66. Rf2 Re1 67. Re2 Rb1 68. Kd3 Kd6 69. Kc2 Rg1 70. b4 Rg4 71. Kc3 Kc6 72. b5+ Kc5 73. Rh2 Rxc4+ 74. Kd3 Kxb5 75. Rh5+ Rc5 76. Rh7 Rc7 77. Rh5+ Kc6 78. Ke4 Kd6 79. Rh6 Rc4+ 80. Kd3 Ra4 81. Rh5 f5 82. Rh8 Ke5 83. Re8 Ra6 84. Rc8 Ra3+ 85. Ke2 Ke4 86. Rc4+ Kd5 87. Rb4 Ra5 88. Kf3 Ke5 89. Ke2 Kf6 90. Kf3 Ra1 91. Kf2 Kg5 92. Rc4 e5 93. Kf3 Ra2 94. e4 f4 95. Rc6 Ra3+ 96. Kg2 f3+ 97. Kf2 Kf4 98. Rc4 Ra2+ 99. Ke1 Kg3 100. Rc3 Kg2 101. Rb3 Ra1+ 102. Kd2 f2 0-1

[Event "15th Golden Prague Rapid Open"]
[Site "Prague"]
[Date "2019.06.30"]
[Round "2.1"]
[White "Kalousek, Zdenek"]
[Black "Jirovsky, Pavel"]
[Result "0-1"]
[ECO "A35"]
[WhiteElo "2005"]
[BlackElo "2322"]
[Annotator "NA"]
[PlyCount "104"]
[EventDate "2019.06.30"]
[EventType "swiss"]
[EventCountry "CZE"]
[SourceTitle "playchess.com"]
[Source "ChessBase"]
[SourceQuality "1"]
[TimeControl "720+3"]

1. c4 c5 2. Nc3 Nc6 3. Nf3 g6 4. e3 d6 5. d4 Bg4 6. Be2 Bg7 7. d5 Bxf3 8. gxf3 Ne5 9. f4 Nd7 10. e4 a6 11. h4 Ngf6 12. h5 Qb6 13. Qc2 O-O-O 14. Be3 Nxh5 15. Bxh5 gxh5 16. Rxh5 Qb4 17. Qb3 Qa5 18. f3 Bd4 19. Ke2 Rdg8 20. Rh2 Qd8 21. Rah1 Qf8 22. Kd3 Rg3 23. Rh3 Qg7 24. Ne2 Rxh3 25. Rxh3 Bxb2 26. Rg3 Qf6 27. e5 Qf5+ 28. Kd2 Bd4 29. Rg5 Qh3 30. Bxd4 cxd4 31. Nxd4 Qh2+ 32. Ke3 dxe5 33. fxe5 Nxe5 34. c5 Qh6 35. f4 Qh3+ 36. Ke4 Qxb3 37. axb3 Nd7 38. c6 Nf6+ 39. Kd3 h5 40. Kc4 h4 41. Nf3 h3 42. Nh2 bxc6 43. dxc6 Kc7 44. Rg7 Rh7 45. Rg3 Kxc6 46. b4 e6 47. Ra3 Kb6 48. Rd3 Nd5 49. f5 Rh4+ 50. Rd4 Ne3+ 51. Kd3 Rxd4+ 52. Kxd4 Nxf5+ 0-1

[Event "15th Golden Prague Rapid Open"]
[Site "Prague"]
[Date "2019.06.30"]
[Round "2.2"]
[White "Kiss, Pal"]
[Black "Nedoma, Marek"]
[Result "1-0"]
[ECO "D34"]
[WhiteElo "2278"]
[BlackElo "1984"]
[Annotator "NA"]
[PlyCount "101"]
[EventDate "2019.06.30"]
[EventType "swiss"]
[EventCountry "CZE"]
[SourceTitle "playchess.com"]
[Source "ChessBase"]
[SourceQuality "1"]
[TimeControl "720+3"]

1. d4 Nf6 2. c4 e6 3. Nf3 d5 4. g3 Be7 5. Bg2 O-O 6. O-O c5 7. cxd5 exd5 8. Nc3 Nc6 9. Bg5 c4 10. Ne5 Be6 11. Nxc6 bxc6 12. b3 cxb3 13. axb3 h6 14. Bxf6 Bxf6 15. Na4 Qb8 16. e3 Be7 17. Qc2 Rc8 18. Rfc1 Qb4 19. Qd3 Rab8 20. Rc3 g6 21. Rac1 Qa3 22. Qd1 a5 23. h4 h5 24. Bf3 Bd7 25. Kg2 Be6 26. Ra1 Qb4 27. Qc1 Qb5 28. Bd1 Bb4 29. Rc2 Bf5 30. Be2 Qb7 31. Nc5 Qe7 32. Rb2 Kg7 33. Na6 Rb6 34. Nxb4 axb4 35. Qd2 Be4+ 36. Kg1 c5 37. dxc5 Qxc5 38. Rd1 Qc3 39. Qd4+ Kg8 40. f3 Bc2 41. Rd2 Bf5 42. Kf2 Qxd4 43. Rxd4 Be6 44. Bd3 Rc3 45. Ke2 Kg7 46. Kd2 Rc7 47. Ra2 f6 48. Ra4 Rcb7 49. Bc2 g5 50. Ra8 gxh4 51. Rxh4 {[%emt 0:00:02] Kg6 Rh8+} 1-0

[Event "15th Golden Prague Rapid Open"]
[Site "Prague"]
[Date "2019.06.30"]
[Round "2.3"]
[White "Plesnivy, Martin"]
[Black "Rydl, Jiri"]
[Result "0-1"]
[ECO "D44"]
[WhiteElo "1803"]
[BlackElo "2422"]
[Annotator "ChessBase"]
[PlyCount "74"]
[EventDate "2019.06.30"]
[EventType "swiss"]
[EventCountry "CZE"]
[SourceTitle "playchess.com"]
[Source "ChessBase"]
[SourceQuality "1"]
[TimeControl "720+3"]

1. d4 Nf6 2. Nf3 e6 3. c4 d5 4. Nc3 c6 5. Bg5 h6 6. Bh4 dxc4 7. e4 g5 8. Bg3 b5 9. e5 Nd5 10. Nxd5 cxd5 11. Be2 Nc6 12. O-O Be7 13. a4 b4 14. Qd2 a5 15. Rad1 Ba6 16. Ne1 Qb6 17. f4 Nxd4 18. Bf2 c3 19. Qxd4 Qxd4 20. Rxd4 Bxe2 21. bxc3 b3 22. Rd2 Bxf1 23. Kxf1 gxf4 24. Nd3 Rb8 25. Rb2 Ba3 26. Rb1 Kd7 27. Nxf4 Rhc8 28. Bd4 Bc5 29. Bxc5 Rxc5 30. Ne2 Rc4 31. Ke1 Rxa4 32. Nd4 Rxd4 33. cxd4 b2 34. Kd2 a4 35. Kc2 a3 36. g3 a2 37. Rxb2 Rc8+ 0-1

[Event "15th Golden Prague Rapid Open"]
[Site "Prague"]
[Date "2019.06.30"]
[Round "2.5"]
[White "Plicka, Petr"]
[Black "Netusil, Miloslav"]
[Result "0-1"]
[ECO "E63"]
[WhiteElo "1781"]
[BlackElo "2189"]
[Annotator "NA"]
[PlyCount "66"]
[EventDate "2019.06.30"]
[EventType "swiss"]
[EventCountry "CZE"]
[SourceTitle "playchess.com"]
[Source "ChessBase"]
[SourceQuality "1"]
[TimeControl "720+3"]

1. d4 Nf6 2. Nf3 g6 3. g3 Bg7 4. Bg2 O-O 5. O-O d6 6. c4 Nc6 7. Nc3 a6 8. Bf4 Rb8 9. Re1 b5 10. cxb5 axb5 11. Qc1 Re8 12. Nxb5 Rxb5 13. Qxc6 Rxb2 14. Qc1 Rb8 15. Bh6 Bh8 16. e4 e5 17. dxe5 Ng4 18. Bd2 Nxe5 19. Nxe5 Bxe5 20. Bc3 Ba6 21. Bxe5 Rxe5 22. Qc3 Rc5 23. Qd4 Rc4 24. Qe3 Rc2 25. Bf1 Bxf1 26. Rxf1 Rbb2 27. e5 Re2 28. Qc3 dxe5 29. Rfe1 Rxf2 30. Qxe5 Rg2+ 31. Kh1 Rxh2+ 32. Kg1 Rbg2+ 33. Kf1 Qd3+ 0-1

[Event "15th Golden Prague Rapid Open"]
[Site "Prague"]
[Date "2019.06.30"]
[Round "2.8"]
[White "Groh, Jiri"]
[Black "Feierfeil, Jiri"]
[Result "1-0"]
[ECO "E01"]
[WhiteElo "2001"]
[BlackElo "1772"]
[Annotator "NA"]
[PlyCount "113"]
[EventDate "2019.06.30"]
[EventType "swiss"]
[EventCountry "CZE"]
[SourceTitle "playchess.com"]
[Source "ChessBase"]
[SourceQuality "1"]
[TimeControl "720+3"]

1. Nf3 c5 2. g3 Nc6 3. Bg2 d5 4. O-O e6 5. d4 cxd4 6. Nxd4 Nf6 7. c4 Nxd4 8. Qxd4 Qb6 9. Qxb6 axb6 10. Nc3 dxc4 11. Nb5 Ke7 12. Be3 Nd5 13. Bd4 Ra5 14. a4 Bd7 15. e4 Bxb5 16. exd5 Rxa4 17. Bxb6 Kf6 18. Rxa4 Bxa4 19. Ra1 Bb5 20. Ra5 Ba6 21. dxe6 fxe6 22. Bd4+ Kf7 23. Bxb7 Bxb7 24. Ra7 Be7 25. Rxb7 Re8 26. Rc7 g6 27. Rxc4 Bd6 28. Ra4 e5 29. Bc3 h5 30. Ra7+ Ke6 31. h4 e4 32. Rg7 Kf5 33. Rf7+ Ke6 34. Rf6+ Kd7 35. Rxg6 e3 36. fxe3 Rxe3 37. Kf2 Bc5 38. Kg2 Re2+ 39. Kf3 Re3+ 40. Kf4 Rd3 41. Ke4 Re3+ 42. Kd5 Be7 43. Rg7 Ke8 44. Bd4 Rd3 45. Ke6 Bf8 46. Rd7 Rxg3 47. Rb7 Rg6+ 48. Bf6 Bd6 49. Ra7 Rxf6+ 50. Kxf6 Kd8 51. Rh7 Kc8 52. Ke6 Bg3 53. Rxh5 Kc7 54. Rh7+ Kc6 55. h5 Bf2 56. h6 Bd4 57. Rg7 1-0

[Event "15th Golden Prague Rapid Open"]
[Site "Prague"]
[Date "2019.06.30"]
[Round "2.9"]
[White "Hozda, Max"]
[Black "Benes, Petr"]
[Result "0-1"]
[ECO "A51"]
[WhiteElo "1695"]
[BlackElo "2103"]
[Annotator "NA"]
[PlyCount "44"]
[EventDate "2019.06.30"]
[EventType "swiss"]
[EventCountry "CZE"]
[SourceTitle "playchess.com"]
[Source "ChessBase"]
[SourceQuality "1"]
[TimeControl "720+3"]

1. d4 Nf6 2. c4 e5 3. d5 Bc5 4. Nc3 a6 5. Bg5 Bxf2+ 6. Kxf2 Ng4+ 7. Ke1 Qxg5 8. Nf3 Qe3 9. Qd2 Qf2+ 10. Kd1 Ne3+ 11. Kc1 Nxf1 12. Qg5 Qe3+ 13. Qxe3 Nxe3 14. Nxe5 d6 15. Nd3 Bf5 16. Nf2 Nd7 17. b3 O-O-O 18. Kb2 Rhe8 19. Rhg1 Nc5 20. g4 Bg6 21. h4 h6 22. Rac1 Re5 0-1

[Event "15th Golden Prague Rapid Open"]
[Site "Prague"]
[Date "2019.06.30"]
[Round "2.10"]
[White "Burdik, Lubomir"]
[Black "Moravek, Jakub"]
[Result "1-0"]
[ECO "A50"]
[WhiteElo "2132"]
[BlackElo "1709"]
[Annotator "NA"]
[PlyCount "164"]
[EventDate "2019.06.30"]
[EventType "swiss"]
[EventCountry "CZE"]
[SourceTitle "playchess.com"]
[Source "ChessBase"]
[SourceQuality "1"]
[TimeControl "720+3"]

1. c4 b6 2. d4 Nf6 3. Nc3 Bb7 4. d5 e6 5. e4 exd5 6. cxd5 Bb4 7. Bd3 Bxc3+ 8. bxc3 d6 9. Ne2 Nbd7 10. O-O O-O 11. Ng3 Nc5 12. Bc2 Re8 13. Re1 Qe7 14. c4 b5 15. Bb2 bxc4 16. Nf5 Qd8 17. Qd4 Nd3 18. Bxd3 cxd3 19. Qxd3 Bc8 20. Nd4 Bd7 21. Re3 Ng4 22. Rg3 Qh4 23. Nf3 Qe7 24. Qc3 Ne5 25. Nd4 f6 26. Qxc7 Rec8 27. Qa5 Nc4 28. Qc3 Nxb2 29. Qxb2 Qxe4 30. Ne6 Bxe6 31. Qxf6 g6 32. dxe6 Rf8 33. Qe7 Rae8 34. Qxa7 Rxe6 35. Re3 Qf5 36. Rxe6 Qxe6 37. Qd4 Re8 38. h3 Qe5 39. Rd1 Qxd4 40. Rxd4 Re2 41. a4 Ra2 42. f3 Kf7 43. Kh2 Ke6 44. Kg3 Ke5 45. Re4+ Kf5 46. Rb4 h5 47. Rb5+ Ke6 48. a5 Ra4 49. Rg5 Kf6 50. h4 Ra3 51. Rb5 Ra4 52. Kh3 Ra3 53. Kh2 Ra4 54. Kg3 Ra3 55. Kf4 Ra4+ 56. Ke3 Ra2 57. g3 Ra3+ 58. Ke4 Ra4+ 59. Kd5 Ra3 60. Kxd6 Rxf3 61. Rg5 Ra3 62. Kc6 Ra1 63. Kb6 Rb1+ 64. Ka7 Rb2 65. a6 Rb1 66. Ka8 Ke6 67. a7 Kd7 68. Rxg6 Kc7 69. Rg7+ Kc8 70. Rg8+ Kc7 71. Rh8 Rb5 72. Rh7+ Kc8 73. Rg7 Rb4 74. Rg5 Rb3 75. Rc5+ Kd7 76. Rxh5 Rxg3 77. Rh7+ Kc8 78. Rh8+ Kc7 79. h5 Rh3 80. h6 Rh1 81. h7 Rh2 82. Rb8 Kc6 1-0

[Event "15th Golden Prague Rapid Open"]
[Site "Prague"]
[Date "2019.06.30"]
[Round "3.1"]
[White "Jirovsky, Pavel"]
[Black "Groh, Jiri"]
[Result "1-0"]
[ECO "D34"]
[WhiteElo "2322"]
[BlackElo "2001"]
[Annotator "ChessBase"]
[PlyCount "45"]
[EventDate "2019.06.30"]
[EventType "swiss"]
[EventCountry "CZE"]
[SourceTitle "playchess.com"]
[Source "ChessBase"]
[SourceQuality "1"]
[TimeControl "720+3"]

1. d4 d5 2. Nf3 Nf6 3. c4 e6 4. g3 Be7 5. Bg2 O-O 6. O-O c5 7. cxd5 exd5 8. Nc3 Nc6 9. Bg5 cxd4 10. Nxd4 Qa5 11. Nb3 Qb4 12. Bxf6 Bxf6 13. Nxd5 Qd6 14. Nxf6+ Qxf6 15. Qd2 Rd8 16. Qc3 Qxc3 17. bxc3 a5 18. e3 a4 19. Nd4 Ne5 20. Rfb1 Ra7 21. Rb4 Kf8 22. Rab1 Nc6 23. Bxc6 1-0

[Event "15th Golden Prague Rapid Open"]
[Site "Prague"]
[Date "2019.06.30"]
[Round "3.2"]
[White "Rehak, Martin"]
[Black "Kiss, Pal"]
[Result "1/2-1/2"]
[ECO "B40"]
[WhiteElo "2071"]
[BlackElo "2278"]
[Annotator "ChessBase"]
[PlyCount "27"]
[EventDate "2019.06.30"]
[EventType "swiss"]
[EventCountry "CZE"]
[SourceTitle "playchess.com"]
[Source "ChessBase"]
[SourceQuality "1"]
[TimeControl "720+3"]

1. e4 c5 2. b3 Nc6 3. Bb2 e6 4. Nf3 Nf6 5. e5 Nd5 6. g3 Be7 7. Bg2 O-O 8. O-O d6 9. Qe2 dxe5 10. Nxe5 Nxe5 11. Bxe5 Bf6 12. d3 Bxe5 13. Qxe5 Qf6 14. Qxf6 1/2-1/2

[Event "15th Golden Prague Rapid Open"]
[Site "Prague"]
[Date "2019.06.30"]
[Round "3.3"]
[White "Rydl, Jiri"]
[Black "Burdik, Lubomir"]
[Result "1-0"]
[ECO "A13"]
[WhiteElo "2422"]
[BlackElo "2132"]
[Annotator "ChessBase"]
[PlyCount "81"]
[EventDate "2019.06.30"]
[EventType "swiss"]
[EventCountry "CZE"]
[SourceTitle "playchess.com"]
[Source "ChessBase"]
[SourceQuality "1"]
[TimeControl "720+3"]

1. c4 e6 2. g3 d5 3. Bg2 Nf6 4. Nf3 dxc4 5. Na3 c5 6. Nxc4 Nc6 7. O-O Be7 8. b3 Nd5 9. Bb2 Bf6 10. d4 cxd4 11. Nxd4 O-O 12. Nxc6 bxc6 13. e4 Bxb2 14. Nxb2 Nb6 15. Qc2 Ba6 16. Rfd1 Qf6 17. Rac1 Rad8 18. Nd3 Bxd3 19. Rxd3 Rxd3 20. Qxd3 Rd8 21. Qe2 e5 22. Bf1 h6 23. a4 Nc8 24. Qc2 Ne7 25. Qc5 Rd7 26. b4 Qd6 27. Qxd6 Rxd6 28. Rc5 f6 29. b5 Kf8 30. a5 Ke8 31. b6 axb6 32. axb6 Rd8 33. Ra5 Rb8 34. Ra6 Nc8 35. Bh3 Nd6 36. f3 Nc4 37. Be6 Nxb6 38. Ra7 Nc8 39. Rxg7 Ne7 40. Rh7 c5 41. Rh8+ 1-0

[Event "15th Golden Prague Rapid Open"]
[Site "Prague"]
[Date "2019.06.30"]
[Round "3.4"]
[White "Benes, Petr"]
[Black "Ralis, Petr"]
[Result "1/2-1/2"]
[ECO "E76"]
[WhiteElo "2103"]
[BlackElo "2207"]
[Annotator "ChessBase"]
[PlyCount "163"]
[EventDate "2019.06.30"]
[EventType "swiss"]
[EventCountry "CZE"]
[SourceTitle "playchess.com"]
[Source "ChessBase"]
[SourceQuality "1"]
[TimeControl "720+3"]

1. c4 Nf6 2. Nc3 d6 3. d4 g6 4. e4 Bg7 5. f4 c5 6. dxc5 Qa5 7. Bd3 Qxc5 8. Qe2 Bg4 9. Nf3 Nc6 10. Be3 Qa5 11. Rc1 O-O 12. O-O Nd7 13. Qf2 Nc5 14. Bb1 Ne6 15. a3 Bxf3 16. Qxf3 Ned4 17. Qd1 e6 18. Ba2 Rfd8 19. Rf2 a6 20. Rd2 e5 21. Nd5 Rd7 22. Rd3 Re8 23. Qg4 Qd8 24. f5 h5 25. Qd1 gxf5 26. exf5 Nxf5 27. Bb6 Qg5 28. Rh3 h4 29. Ne3 Ncd4 30. Nxf5 Qxc1 31. Qxc1 Ne2+ 32. Kf2 Nxc1 33. Bb1 e4 34. Rxh4 Bxb2 35. Rg4+ Kh7 36. Bxe4 Rxe4 37. Rxe4 d5 38. Rg4 Nd3+ 39. Ke2 Nc1+ 40. Ke3 f6 41. c5 Be5 42. g3 Nb3 43. Rh4+ Kg8 44. Rg4+ Kh7 45. Rh4+ Kg6 46. g4 d4+ 47. Kd3 Nc1+ 48. Kc2 Bf4 49. Rh3 d3+ 50. Kd1 Na2 51. Ba5 Kg5 52. Nd6 Kxg4 53. Rh8 Bxd6 54. Rg8+ Kh3 55. cxd6 Rxd6 56. Kd2 b6 57. Bb4 Nxb4 58. axb4 Kxh2 59. Rg6 a5 60. b5 a4 61. Rg4 f5 62. Rxa4 Kg3 63. Rc4 f4 64. Rc6 Rd8 65. Rg6+ Kh2 66. Rh6+ Kg2 67. Rg6+ Kf2 68. Rxb6 f3 69. Rf6 Rb8 70. b6 Rd8 71. Rg6 Rd7 72. Rc6 Kg1 73. Rc7 Rd6 74. Rg7+ Kh2 75. Rh7+ Kg1 76. Rg7+ Kf1 77. b7 Rb6 78. Ke3 f2 79. Rf7 Ke1 80. Rxf2 Rxb7 81. Rh2 Re7+ 82. Kxd3 1/2-1/2

[Event "15th Golden Prague Rapid Open"]
[Site "Prague"]
[Date "2019.06.30"]
[Round "3.5"]
[White "Netusil, Miloslav"]
[Black "Kolbusovsky, Petr"]
[Result "1-0"]
[ECO "D11"]
[WhiteElo "2189"]
[BlackElo "1675"]
[Annotator "ChessBase"]
[PlyCount "49"]
[EventDate "2019.06.30"]
[EventType "swiss"]
[EventCountry "CZE"]
[SourceTitle "playchess.com"]
[Source "ChessBase"]
[SourceQuality "1"]
[TimeControl "720+3"]

1. d4 Nf6 2. Nf3 d5 3. c4 dxc4 4. e3 b5 5. a4 c6 6. axb5 cxb5 7. b3 e6 8. bxc4 Bb4+ 9. Bd2 Bxd2+ 10. Nbxd2 bxc4 11. Bxc4 O-O 12. O-O Bb7 13. Qb1 Qb6 14. Qd3 Nbd7 15. Rab1 Qc7 16. Rfc1 Rfc8 17. Qa3 Bxf3 18. Nxf3 Qd8 19. Ba6 Rxc1+ 20. Rxc1 h6 21. h3 Qb6 22. Qa4 Rd8 23. Bd3 Nd5 24. Rc6 Nc3 25. Rxc3 1-0

[Event "15th Golden Prague Rapid Open"]
[Site "Prague"]
[Date "2019.06.30"]
[Round "3.6"]
[White "Krnak, Vladimir"]
[Black "Soural, Jan"]
[Result "0-1"]
[ECO "D31"]
[WhiteElo "1691"]
[BlackElo "2196"]
[Annotator "ChessBase"]
[PlyCount "88"]
[EventDate "2019.06.30"]
[EventType "swiss"]
[EventCountry "CZE"]
[SourceTitle "playchess.com"]
[Source "ChessBase"]
[SourceQuality "1"]
[TimeControl "720+3"]

1. d4 e6 2. c4 d5 3. Nc3 a6 4. a4 Nf6 5. Nf3 c5 6. e3 Nc6 7. Bd3 dxc4 8. Bxc4 cxd4 9. exd4 Nb4 10. O-O Be7 11. Bf4 O-O 12. Re1 Nbd5 13. Bxd5 Nxd5 14. Bg3 Nxc3 15. bxc3 Bd7 16. Ne5 Bc6 17. Nxc6 bxc6 18. Rb1 c5 19. Rb7 cxd4 20. cxd4 Bf6 21. Be5 Qd5 22. Qf3 Rfd8 23. Qxd5 Rxd5 24. f4 h5 25. h3 Bxe5 26. dxe5 Rd4 27. f5 Re8 28. fxe6 Rxe6 29. Rf1 Rxe5 30. Rfxf7 Rg5 31. Rfc7 Rxa4 32. Rb6 Ra2 33. Kf1 a5 34. h4 Rgxg2 35. Ra6 Rh2 36. Kg1 Rxh4 37. Rc5 a4 38. Raa5 Rg4+ 39. Kh1 h4 40. Ra8+ Kh7 41. Rh5+ Kg6 42. Rb5 Rf4 43. Ra6+ Rf6 44. Raa5 Rf1# 0-1

[Event "15th Golden Prague Rapid Open"]
[Site "Prague"]
[Date "2019.06.30"]
[Round "3.7"]
[White "Vavrinec, Tomas"]
[Black "Ocelak, Jakub"]
[Result "1-0"]
[ECO "A39"]
[WhiteElo "1994"]
[BlackElo "1701"]
[Annotator "NA"]
[PlyCount "107"]
[EventDate "2019.06.30"]
[EventType "swiss"]
[EventCountry "CZE"]
[SourceTitle "playchess.com"]
[Source "ChessBase"]
[SourceQuality "1"]
[TimeControl "720+3"]

1. c4 Nf6 2. Nc3 c5 3. Nf3 Nc6 4. g3 g6 5. Bg2 Bg7 6. O-O O-O 7. d4 cxd4 8. Nxd4 Qb6 9. Nb3 d6 10. Be3 Qd8 11. h3 Be6 12. Nd5 Rc8 13. Rc1 Ne5 14. Nd2 b6 15. Qa4 Bxd5 16. cxd5 Qd7 17. Qxd7 Nexd7 18. b3 Nc5 19. h4 Nfd7 20. Bh3 f5 21. Rfd1 Nf6 22. Nf3 Nce4 23. Ng5 Nxg5 24. hxg5 Rxc1 25. Bxc1 Ne4 26. Bf4 Rc8 27. f3 Nc3 28. Rd2 Rc5 29. e4 fxe4 30. Be6+ Kf8 31. Be3 Ra5 32. a4 exf3 33. Rf2 Nxd5 34. Rxf3+ Ke8 35. Bf2 Nc7 36. Bf7+ Kd7 37. Be3 Re5 38. Kg2 Ne6 39. Bf4 Re2+ 40. Kf1 Rb2 41. Bg8 Nf8 42. Bc4 e5 43. Be3 Rb1+ 44. Ke2 Ke8 45. Rf7 Bh8 46. Rxa7 Rb2+ 47. Kd3 Rb1 48. Rb7 Rd1+ 49. Ke2 Rb1 50. Rxb6 Kd7 51. Rb7+ Kc6 52. Rf7 Rb2+ 53. Kd3 Ne6 54. Bxe6 1-0